 Dungeon Crawl Stone Soup version 0.18-a0-1577-gf591c28 (webtiles) character file.

137 M4edhros the Vexing (level 5, 0/33 HPs)
             Began as an Octopode Arcane Marksman on Mar 20, 2016.
             Slain by an ooze (4 damage)
             ... on level 2 of the Dungeon.
             The game lasted 00:02:00 (1818 turns).

M4edhros the Vexing (Octopode Arcane Marksman)      Turns: 1818, Time: 00:02:00

Health: 0/33       AC:  1    Str: 10    XL:     5   Next: 20%
Magic:  6/6        EV: 12    Int: 16    God:
Gold:   93         SH:  0    Dex: 12    Spells: 1 memorised, 5 levels left

rFire  . . .     SeeInvis .     (no weapon)
rCold  . . .     Gourm    .     (no shield)
rNeg   . . .     Faith    .     (helmet restricted)
rPois  .         Spirit   .     (no amulet)
rElec  .         Dismiss  .     (no ring)
rCorr  .         Reflect  .     (no ring)
SustAt .         Harm     .     (no ring)
MR     .....                    (no ring)
Stlth  ++........               (no ring)
                                (no ring)
                                (no ring)
                                (no ring)

@: lethally poisoned (0 -> -14), not resistant to hostile enchantments,
unstealthy
A: almost no armour, amphibious, 8 rings, constrict 8, camouflage 1, gelatinous
body 1
a: no special abilities


You were on level 2 of the Dungeon.
You were hungry.

You visited 1 branch of the dungeon, and saw 2 of its levels.

You collected 93 gold pieces.

Inventory:

Hand Weapons
 a - a +1 hunting sling
Missiles
 c - 9 sling bullets
 j - 19 stones (quivered)
Scrolls
 e - 2 scrolls of fog {unknown}
 h - 2 scrolls of immolation {unknown}
 i - 4 scrolls of identify {unknown}
Books
 b - a book of Debilitation

   Spells                             Type                      Level
   a - Corona                         Hexes                        1
   b - Slow                           Hexes                        2
   c - Gell's Gravitas                Hexes/Translocation          3
   d - Inner Flame                    Hexes/Fire                   3
   e - Cause Fear                     Hexes                        4
   f - Leda's Liquefaction            Hexes/Earth                  4
Comestibles
 d - 2 bread rations
 l - a royal jelly


   Skills:
 - Level 1.0 Fighting
 - Level 2.0 Slings
 - Level 2.0 Dodging
 - Level 1.0 Spellcasting
 + Level 5.7 Hexes


You had 5 spell levels left.
You knew the following spells:

 Your Spells              Type           Power        Failure   Level  Hunger
a - Corona                Hex            ###....      2%          1    ##.....


Dungeon Overview and Level Annotations

Branches:
Dungeon (2/15)

Altars:


Innate Abilities, Weirdness & Mutations

You cannot wear most types of armour.
You are amphibious.
You can wear up to eight rings at the same time.
You can use your tentacles to constrict eight enemies at once.
Your skin changes colour to match your surroundings (Stealth).
Your rubbery body absorbs attacks (AC +1).


Message History

You constrict the adder.
You feel sick. The adder bites you.
* * * LOW HITPOINT WARNING * * *
The ooze completely misses you.
You are too injured to fight recklessly!
Drink which item? (? for menu, Esc to quit)
You don't have any such object.
Drink which item? (? for menu, Esc to quit)
You don't have any such object.
Drink which item? (? for menu, Esc to quit)
It was a potion of cure mutation.
It has a very clean taste.
You constrict the adder.
* * * LOW HITPOINT WARNING * * *
You feel sick. The adder misses you. The ooze misses you.
Drink which item? (? for menu, Esc to quit)
It was a potion of cancellation.
You feel magically purged.
You constrict the adder.
You kill the adder!
* * * LOW HITPOINT WARNING * * *
You feel sick. The ooze hits you.
You die...

.. .. .. .. . .#.#.#.#.#.#.
........>...... .#.#.#.#.#.#.#
............. .........##.. .
##...#.........#
.........#.##..#@..###.....#
...#...........J....##.....#
.........#.#.######..#.....#
.........#... ##.#...)..
#.#.........#######.....# ..
#.......##........#.##..###
... #......##....##.....>....#
....
#.#....##....#..#####..#.##..#
##.#..#..#......# ##†....>.#


You could see an ooze.

Vanquished Creatures
  Terence (D:2)
  5 adders (D:2)
  An ooze (D:1)
  3 worms (D:2)
  2 dart slugs (D:2)
  2 giant geckos (D:1)
  A giant cockroach (D:2)
  3 goblins
  3 hobgoblins
  7 jackals
  6 kobolds
  2 ball pythons (D:1)
  10 bats
  2 giant newts (D:1)
  6 rats
54 creatures vanquished.

Notes
Turn   | Place    | Note
--------------------------------------------------------------
     0 | D:1      | M4edhros the Octopode Arcane Marksman began the quest for the Orb.
     0 | D:1      | Reached XP level 1. HP: 13/13 MP: 2/2
   371 | D:1      | Reached XP level 2. HP: 18/18 MP: 3/3
   448 | D:1      | Reached skill level 4 in Hexes
   498 | D:1      | Reached XP level 3. HP: 20/23 MP: 4/4
  1165 | D:2      | Reached XP level 4. HP: 13/28 MP: 5/5
  1166 | D:2      | Reached skill level 5 in Hexes
  1513 | D:2      | Noticed Terence
  1538 | D:2      | Killed Terence
  1538 | D:2      | Reached XP level 5. HP: 24/33 MP: 6/6
  1818 | D:2      | Slain by an ooze

Vault maps used:
D:1:      minmay_arrival_semitransparent
D:2:      st_stairs_13, uniq_terence

Skill      XL: |  1  2  3  4 |
---------------+-------------+-----
Hexes          | 4 5 |  5.7
Fighting       | |  1.0
Slings         | |  2.0
Dodging        | |  2.0
Spellcasting   | |  1.0

Action                   |  1- 3 |  4- 6 || total
-------------------------+-------+-------++-------
Melee: Unarmed           |       |    40 ||    40
 Fire: Hunting sling     |   143 |    20 ||   163
  Use: Potion            |     3 |     3 ||     6
       Scroll            |       |     2 ||     2
 Stab: Sleeping          |       |     1 ||     1
  Eat: Chunk             |       |     3 ||     3
